Map: Neo Seoul LE

Players

Jason

  • Race: Terran Terran
  • League: Grandmaster
  • Spawn Location: 1:00

Rob - Winner!

  • Race: Protoss Protoss
  • League: Grandmaster
  • Spawn Location: 7:00

VOD

Have the link to the VOD?

Description

Time

  • Played on: May 13, 2019, 3:48 p.m.
  • Length: 17:46
Show
View Real Time Build Order
Export as new Build Order

Jason Terran 

Build Orders:  

Get SALT Encoding   

  12  0:00  SCV  
  13  0:13  SCV  
  14  0:17  Supply Depot  
  14  0:25  SCV  
  15  0:30  Refinery  
  15  0:39  SCV  
  16  0:46  Barracks  
  16  0:51  SCV  
  17  1:03  SCV  
  18  1:15  SCV  
  20  1:33  Orbital Command  
  20  1:34  Reaper  
  20  1:45  Command Center  
  20  2:00  Factory  
  20  2:02  SCV  
  20  2:08  Barracks Reactor  
  21  2:14  SCV  
  22  2:17  Supply Depot  
  22  2:26  SCV, Refinery  
  23  2:38  SCV  
  23  2:44  Marine  
  25  2:45  Hellion, Marine  
  25  2:50  Starport  
  28  2:51  SCV  
  29  2:59  Orbital Command  
  29  3:04  SCV, Marine  
  31  3:06  Marine  
  34  3:12  Widow Mine  
  34  3:16  SCV  
  35  3:22  Marine  
  35  3:24  Marine  
  35  3:25  SCV  
  38  3:28  SCV  
  38  3:29  Medivac  
  41  3:34  Factory Tech Lab  
  41  3:38  SCV  
  41  3:40  SCV, Marine  
  44  3:44  Supply Depot  
  44  3:48  Marine  
  44  3:50  SCV  
  46  4:03  Factory Tech Lab  
  46  4:06  SCV x2  
  46  4:07  Supply Depot  
  46  4:09  Marine x2, Barracks  
  49  4:11  Raven  
  52  4:18  SCV x2, Supply Depot  
  52  4:21  Bunker  
  54  4:27  Marine  
  54  4:29  Marine  
  54  4:30  SCV x2  
  57  4:32  Cyclone  
  58  4:45  SCV, Marine  
  56  4:51  SCV  
  57  4:55  Marine, Barracks  
  57  4:57  SCV  
  59  5:01  Refinery, Supply Depot  
  59  5:03  SCV  
  59  5:05  Raven, Marine x2  
  60  5:15  SCV x2  
  60  5:19  Refinery  
  62  5:27  SCV  
  62  5:28  SCV  
  64  5:31  Engineering Bay, Supply Depot  
  64  5:32  Factory Reactor  
  64  5:33  Marine x2  
  64  5:34  Marauder  
  68  5:39  SCV  
  68  5:40  SCV  
  68  5:42  Stimpack  
  70  5:51  SCV  
  70  5:52  SCV  
  70  5:54  Supply Depot  
  72  5:58  Terran Infantry Weapons Level 1  
  72  6:00  Starport Reactor  
  72  6:01  Marine x2  
  72  6:02  Marauder  
  72  6:03  SCV  
  80  6:04  Marauder, SCV  
  79  6:16  SCV  
  76  6:19  Marine x2  
  76  6:21  SCV  
  76  6:23  Marauder, Widow Mine x2  
  76  6:25  Marauder  
  87  6:28  SCV  
  87  6:30  Combat Shield  
  85  6:33  SCV  
  85  6:38  Marine x2  
  86  6:40  SCV, Medivac  
  86  6:44  Marauder  
  86  6:45  SCV  
  86  6:46  Widow Mine  
  94  6:53  Widow Mine, Supply Depot  
  97  6:57  Marine x2  
  97  6:58  Marauder  
  100  7:06  Command Center  
  100  7:08  SCV x2  
  102  7:15  Widow Mine  
  104  7:17  Supply Depot  
  104  7:19  Supply Depot  
  104  7:24  Medivac x2  
  104  7:29  Barracks  
  105  7:34  Barracks  
  105  7:35  SCV x2  
  107  7:41  Marauder, Marine x2  
  107  7:42  Marauder  
  113  7:47  SCV  
  113  7:49  Widow Mine  
  114  7:51  Concussive Shells  
  114  7:57  SCV  
  115  7:58  Marine  
  115  7:59  SCV  
  117  8:07  Marine x2  
  117  8:08  Marauder  
  117  8:10  SCV  
  117  8:11  SCV  
  122  8:19  Barracks Tech Lab  
  118  8:21  Widow Mine  
  120  8:28  SCV  
  120  8:33  Marauder, Marine x2  
  125  8:34  Barracks Tech Lab  
  125  8:35  SCV  
  125  8:40  SCV  
  127  8:41  Sensor Tower  
  127  8:47  SCV  
  126  8:50  Marine  
  126  8:51  SCV  
  126  8:54  Marauder, Missile Turret x3, Marine x2  
  132  8:56  Terran Infantry Armor Level 1, Ghost Academy  
  132  8:58  Engineering Bay  
  132  9:00  Armory  
  132  9:02  SCV x2  
  134  9:07  Orbital Command  
  134  9:15  Marine x2  
  134  9:16  Marauder, SCV  
  134  9:17  SCV, Widow Mine  
  140  9:23  Supply Depot  
  141  9:24  Supply Depot  
  141  9:27  Missile Turret  
  141  9:28  Widow Mine  
  138  9:37  Refinery x2  
  138  9:39  Viking  
  138  9:44  Viking  
  142  9:47  Starport  
  142  9:48  Marine x2  
  142  9:49  Marauder, Marine  
  146  10:02  Marine x2  
  146  10:05  SCV x2  
  146  10:06  Marine x2  
  146  10:07  SCV, Marauder  
  149  10:09  Terran Infantry Weapons Level 2  
  149  10:11  Terran Ship Weapons Level 1  
  149  10:12  Viking  
  153  10:19  SCV  
  88  10:21  Viking  
  154  10:27  Marine x2  
  154  10:28  Marauder  
  159  10:33  Ghost x3  
  165  10:40  SCV  
  165  10:47  SCV  
  165  10:52  Terran Infantry Armor Level 2  
  165  10:53  Ghost  
  165  10:54  SCV x2  
  169  11:00  SCV, Supply Depot  
  169  11:01  Ghost  
  172  11:08  Viking  
  172  11:09  Viking  
  173  11:11  Ghost  
  173  11:16  Ghost  
  173  11:18  Marine  
  178  11:20  Marine  
  178  11:22  Marine  
  180  11:28  Viking  
  180  11:30  Marine  
  183  11:36  Marine  
  183  11:37  Personal Cloaking  
  183  11:38  Marine  
  185  11:40  Marine  
  185  11:41  Marauder  
  185  11:45  Marine  
  189  11:53  Viking x2, Marine  
  194  11:56  Viking  
  194  11:59  Marauder  
  191  12:03  Viking  
  180  12:23  Viking x2  
  180  12:28  Marine x2  
  180  12:29  Marauder  
  169  12:31  Marine  
  169  12:33  Marine x2  
  169  12:34  Viking  
  169  12:36  Viking  
  159  12:48  Marine x2  
  159  12:50  Marauder x2, Marine  
  159  12:51  Marine  
  136  13:02  Liberator x2  
  137  13:06  Marine x2  
  137  13:09  Marauder, Marine  
  137  13:11  Marine x2  
  145  13:14  Command Center  
  145  13:24  Fusion Core, Marine x2  
  141  13:27  Marauder, Starport Tech Lab  
  141  13:28  Marine  
  141  13:29  Marine  
  141  13:30  Marauder  
  147  13:42  Marine x2  
  147  13:44  Terran Infantry Weapons Level 3  
  147  13:47  Marauder, Marine  
  147  13:48  Marine  
  151  13:51  Marine  
  151  13:53  Command Center  
  151  14:00  Marine x2  
  151  14:02  Viking x2, SCV  
  158  14:05  Marauder  
  158  14:06  Marine  
  158  14:08  Marine  
  158  14:09  Marine  
  162  14:11  Liberator  
  162  14:12  Sensor Tower  
  162  14:13  SCV  
  162  14:15  Liberator  
  163  14:17  Marine  
  163  14:18  Marine  
  163  14:20  Terran Infantry Armor Level 3  
  167  14:24  Marauder, Advanced Ballistics  
  167  14:25  Marine  
  165  14:44  Marine x2  
  165  14:45  Marauder, Liberator  
  161  14:54  Liberator  
  161  14:58  Liberator  
  161  15:03  Marine  
  161  15:04  Marauder, Marine  
  161  15:05  Marine  
  165  15:09  Marine x2  
  162  15:18  Planetary Fortress  
  165  15:21  Starport, Marine x2  
  165  15:23  Marauder  
  165  15:25  Marine  
  165  15:27  Marine  
  165  15:28  Marauder, Liberator  
  173  15:37  Liberator  
  173  15:39  Marine x2  
  173  15:40  Liberator  
  175  15:43  Marauder  
  175  15:44  Barracks  
  175  15:45  Barracks  
  175  15:48  Liberator  
  175  15:49  Marine x2  
  184  15:50  Marauder  
  186  16:00  Liberator  
  189  16:05  Marauder, Marine x2  
  195  16:21  Marine x2  
  195  16:22  Marauder  
  199  16:29  Marine  
  200  16:34  Missile Turret  
  200  16:36  Liberator, Refinery x2  
  199  16:42  Liberator  
  199  16:43  Marine  
  199  16:44  Sensor Tower, Marine  
  199  16:45  Missile Turret  
  200  16:49  Planetary Fortress  
  198  17:03  Ghost  
  200  17:10  Barracks Tech Lab x2  
  200  17:13  Refinery x2  
Show
View Real Time Build Order
Export as new Build Order

Rob Protoss - Winner!

Build Orders: 1 Gate Expand, Oracle Opening, Blink Stalkers 

Get SALT Encoding   

  12  0:02  Probe  
  14  0:14  Probe  
  14  0:17  Pylon  
  14  0:25  Probe  
  15  0:33  Probe  
  15  0:37  Gateway  
  15  0:41  Probe  
  16  0:49  Assimilator  
  17  0:52  Probe  
  18  1:04  Probe  
  19  1:16  Probe  
  20  1:24  Cybernetics Core  
  20  1:35  Nexus  
  20  1:40  Pylon  
  20  1:42  Probe  
  21  1:51  Assimilator, Adept  
  21  1:59  Probe  
  24  2:08  Assimilator  
  24  2:11  Stalker, Probe  
  24  2:13  Warp Gate  
  26  2:23  Probe  
  27  2:35  Probe  
  28  2:43  Shield Battery  
  28  2:48  Probe  
  28  2:49  Probe  
  28  2:50  Stargate  
  30  2:54  Stalker  
  32  3:00  Probe  
  32  3:01  Probe  
  34  3:12  Probe  
  35  3:13  Probe  
  35  3:17  Gateway  
  36  3:22  Gateway  
  36  3:24  Oracle, Probe  
  36  3:26  Probe  
  41  3:37  Probe  
  41  3:38  Probe  
  43  3:46  Twilight Council  
  43  3:49  Probe  
  43  3:50  Probe  
  45  3:58  Blink  
  46  4:03  Pylon  
  46  4:09  Probe  
  46  4:18  Gateway  
  46  4:20  Gateway  
  46  4:21  Probe  
  46  4:23  Pylon  
  47  4:31  Probe  
  47  4:33  Probe  
  47  4:36  Stalker  
  47  4:37  Stalker x2  
  52  4:48  Probe x2  
  52  5:00  Stalker x2  
  52  5:02  Stalker, Pylon  
  58  5:11  Pylon  
  56  5:20  Assimilator  
  53  5:22  Stalker x2, Assimilator  
  53  5:23  Zealot  
  53  5:25  Probe  
  60  5:31  Stalker  
  60  5:33  Shield Battery  
  62  5:36  Pylon  
  62  5:38  Probe  
  62  5:40  Probe  
  64  5:47  Stalker  
  66  5:52  Probe x2  
  66  5:53  Pylon  
  68  5:58  Stalker  
  68  6:03  Stalker  
  72  6:04  Probe  
  69  6:21  Stalker  
  69  6:22  Stalker x3  
  75  6:27  Stalker  
  75  6:30  Gateway  
  75  6:40  Oracle  
  75  6:42  Robotics Facility  
  75  6:46  Forge  
  78  6:56  Adept  
  80  7:04  Stalker x2  
  80  7:05  Stalker  
  86  7:10  Pylon  
  86  7:11  Pylon  
  86  7:14  Pylon  
  86  7:21  Immortal  
  86  7:34  Robotics Bay  
  86  7:36  Charge  
  90  7:37  Protoss Ground Weapons Level 1  
  90  7:44  Zealot x4  
  98  7:57  Immortal  
  102  8:06  Pylon  
  100  8:20  Nexus  
  100  8:22  Zealot  
  102  8:30  Colossus  
  102  8:37  Probe x2  
  108  8:49  Probe x2  
  110  9:03  Zealot x4  
  110  9:05  Pylon  
  110  9:06  Pylon  
  110  9:09  Colossus  
  118  9:31  Forge  
  122  9:37  Protoss Ground Armor Level 1  
  122  9:44  Templar Archives  
  122  9:54  Nexus  
  118  10:08  Disruptor  
  118  10:10  Robotics Facility  
  121  10:20  Probe x3  
  124  10:22  High Templar x2  
  124  10:23  Stalker, High Templar x2  
  134  10:29  Photon Cannon, Archon x2  
  134  10:33  Probe x3  
  137  10:46  Probe x3  
  140  10:51  Pylon  
  140  10:53  Pylon  
  140  10:59  Disruptor  
  140  11:09  Protoss Ground Weapons Level 2  
  143  11:11  Zealot x5  
  143  11:14  Probe x2  
  143  11:15  Probe  
  143  11:16  Probe  
  143  11:17  Disruptor  
  157  11:19  Psionic Storm  
  157  11:27  Probe  
  157  11:29  Disruptor  
  157  11:32  Assimilator  
  161  11:33  Assimilator  
  161  11:34  Pylon  
  164  11:44  Zealot x4  
  164  11:46  Protoss Ground Armor Level 2  
  170  11:57  High Templar  
  162  12:09  Zealot x4  
  170  12:16  Pylon  
  170  12:19  Photon Cannon  
  170  12:21  Photon Cannon  
  135  12:30  Stalker x5  
  135  12:32  Disruptor x2  
  100  12:54  Zealot x5  
  104  13:00  Probe x3  
  104  13:03  Assimilator, Probe  
  104  13:05  Colossus  
  108  13:06  Colossus  
  108  13:07  Assimilator  
  108  13:15  Gateway  
  108  13:17  Gateway  
  108  13:18  Gateway  
  108  13:19  High Templar x2  
  124  13:20  Gateway  
  124  13:33  High Templar  
  124  13:34  High Templar  
  128  13:35  Zealot  
  128  13:39  Pylon  
  130  13:44  Pylon  
  130  13:54  Stalker  
  130  13:55  Stalker x2  
  134  14:00  Colossus, Probe x3  
  137  14:03  Nexus  
  137  14:06  Probe  
  137  14:08  Stalker x2, Protoss Ground Weapons Level 3  
  136  14:12  Probe x2  
  136  14:16  Probe  
  145  14:18  Probe  
  145  14:19  Stalker x2  
  150  14:34  Zealot x5  
  150  14:37  Zealot  
  162  14:39  Zealot  
  152  14:47  Zealot x2  
  125  15:12  Stalker x7  
  139  15:15  High Templar  
  139  15:16  High Templar  
  143  15:23  Photon Cannon  
  143  15:29  Photon Cannon  
  141  15:45  High Templar x4  
  141  15:46  Zealot x3  
  141  15:48  Disruptor  
  141  15:49  Archon x2  
  155  16:03  Zealot x2  
  157  16:07  Stalker  
  157  16:08  Stalker x2  
  162  16:16  Disruptor x2  
  154  16:20  Assimilator  
  154  16:21  Assimilator, Probe x4  
  154  16:23  Photon Cannon  
  164  16:32  Photon Cannon  
  164  16:36  Zealot x2  
  168  16:44  Stalker x3  
  169  16:55  Probe x3  
  169  17:00  High Templar  
  171  17:01  High Templar  
  171  17:03  Stalker  
  171  17:04  Stalker x3  
  177  17:17  Stalker x3  
Tags
 
Add a new tag
Caveats
  • Supply blocks, unpowered buildings, or Contaminate may cause inaccurate times.
  • Supply counts are checked every 10 seconds.